AoeStats
← Bigcityboydn_™

Arabia

508177641Analyzed
1v1 RM · 12d ago on Sep 21, 2026· 33m 24s· 2 players
Game mode
Random Map
Map size
Tiny (2 player)
Population
200
Speed
Normal
Resources
Standard
Victory
Conquest
Starting age
Dark Age
Ending age
Imperial Age
RankedLock teamsTeams togetherTeam positionsShared explorationLock speedFull tech treeHidden civsTurbo modeCheats
Victory
Defeat
🇹🇷 Chinese · Türkiye
1955
+5
🇦🇷 Malay · Argentina
1645
-5
Eray_
0:28 Loom
8:59 Feudal Age
9:44 Double-Bit Axe
15:53 Wheelbarrow
16:20 Fletching
21:00 Castle Age
19:11 Horse Collar
19:40 Gold Mining
22:24 Bow Saw
22:26 Bodkin Arrow
24:07 Bow Saw
24:36 Town Watch
25:01 Heavy Plow
25:36 Gold Shaft Mining
27:49 Hand Cart
29:38 Scale Barding Armor
32:37 Imperial Age
30:51 Forging
Bigcityboydn_™
6:33 Loom
8:53 Feudal Age
9:11 Man-at-Arms
13:57 Fletching
16:28 Double-Bit Axe
17:36 Horse Collar
23:26 Castle Age
21:56 Gold Mining
22:25 Crossbowman
23:25 Bodkin Arrow
23:46 Town Watch
27:44 Scale Barding Armor
27:51 Forging
29:42 Scale Barding Armor
34:00 Wheelbarrow
Connection lost

Rejoining the realm…

Still unreachable

The connection could not be restored.

Session expired

The server has moved on; the page needs a fresh start.